Penguins vs Tigers

Created - Tuesday, January 12, 2016 at 02:30

Goals
1 2 3 T
Penguins 0 0 1 1
Tigers 6 3 4 13
Shots
1 2 3 T
Penguins 17 7 14 38
Tigers 9 6 10 25

1st period

1. Tigers , Patrick Kaleta 9 (Brandon Bollig, Carter Rowney) at 0:54
2. Tigers , Ronalds Kenins 13 (Anthony Peluso, Cody McLeod) at 1:12
3. Tigers , Brandon Bollig 9 (Brandon Defazio, Kane Lafranchise) at 1:46
4. Tigers , Cody McLeod 3 (Anthony Peluso, Ronalds Kenins) at 2:23
5. Tigers , Ronalds Kenins 14 (Adam Comrie, Ty Rattie) at 11:14
6. Tigers , Brandon Defazio 5 (Brandon Bollig) at 17:20

Penalties :
Anthony Peluso (BRI) for Slashing (Minor) at 6:09, Anthony Peluso (BRI) for Fighting (Major) at 8:18, Jeff Schultz (WBS) for Fighting (Major) at 8:18, Anthony Peluso (BRI) for instigated a fight (Minor) at 8:18, Anthony Peluso (BRI) for instigated a fight (10 Minutes Misconduct) at 8:18, Cody McLeod (BRI) for Fighting (Major) at 10:51, Patrice Cormier (WBS) for Fighting (Major) at 10:51, FARM PLAYER33 (WBS) for Holding (Minor) at 13:49

2nd period

7. Tigers , Anthony Peluso 11 (Ronalds Kenins) at 12:28
8. Tigers , Ronalds Kenins 15 (Cody McLeod) at 13:07
9. Tigers , Patrick Kaleta 10 (Ian White) at 13:51

Penalties :
Brandon Bollig (BRI) for Roughing (Minor) at 1:10, Brandon Bollig (BRI) for Fighting (Major) at 14:34, Patrice Cormier (WBS) for Fighting (Major) at 14:34, Kane Lafranchise (BRI) for Fighting (Major) at 14:55, Carson McMillan (WBS) for Fighting (Major) at 14:55, Anthony Peluso (BRI) for Fighting (Major) at 18:40, Justin Vaive (WBS) for Fighting (Major) at 18:40, Anthony Peluso (BRI) for instigated a fight (Minor) at 18:40, Anthony Peluso (BRI) for instigated a fight (10 Minutes Misconduct) at 18:40

3rd period

10. Penguins , Adam Clendening 11 (FARMPLAYER2, Ryan Olsen) at 1:18
11. Tigers , Brandon Bollig 10 (Patrick Kaleta, Connor Carrick) at 2:46
12. Tigers , Brandon Bollig 11 (Patrick Kaleta, Carter Rowney) at 3:04
13. Tigers , Ronalds Kenins 16 (Patrick Kaleta, Kane Lafranchise) at 8:07
14. Tigers , Anthony Peluso 12 (Ronalds Kenins) at 14:54

Penalties :
Cody McLeod (BRI) for Fighting (Major) at 4:00, Justin Vaive (WBS) for Fighting (Major) at 4:00, Cody McLeod (BRI) for instigated a fight (Minor) at 4:00, Cody McLeod (BRI) for instigated a fight (10 Minutes Misconduct) at 4:00, Adam Clendening (WBS) for Hooking (Minor) at 16:33

Goalie Stats

FARM GOALIE14 (WBS), 7 saves from 16 shots - (0.438), L, 0-19-1, 29:16 minutes
FARM GOALIE20 (WBS), 5 saves from 9 shots - (0.556), 30:44 minutes
Cam Ward (BRI), 37 saves from 38 shots - (0.974), W, 21-3-12, 60:00 minutes

Players Stats for Penguins

Player Name              G  A  P  +/- PIM S  H  SB GA TA FO     MP     PP MP  PK MP  
------------------------------------------------------------------------------------
Adam Clendening          1  0  1  -6  2   9  0  1  1  0  0/0    26:00   4:56   0:48 
Carson McMillan          0  0  0  -5  5   3  0  0  0  1  3/8    14:42   1:15   0:00 
Charles Sarault          0  0  0  -5  0   2  1  0  2  0  9/15   19:32   4:36   0:00 
Danny Biega              0  0  0  -6  0   4  1  1  0  0  0/0    26:36   4:56   1:42 
Drew Bagnall             0  0  0   0  0   0  0  0  0  0  0/0     0:00   0:00   0:00 
Dustin Gazley            0  0  0  -5  0   5  1  1  5  2  2/4    19:32   4:36   0:00 
FARM PLAYER15            0  0  0  -4  0   0  0  0  0  1  0/1    20:30   4:59   1:29 
FARM PLAYER22            0  0  0  -4  0   1  1  0  0  1  0/0    21:12   4:59   2:16 
FARM PLAYER33            0  0  0  -2  2   0  0  0  0  0  0/0    13:46   0:00   0:54 
FARMPLAYER2              0  1  1  -3  0   4  2  1  3  2  14/19  24:28   5:19   2:16 
Garrett Meurs            0  0  0  -4  0   2  0  0  0  0  0/0    12:56   0:00   0:00 
Jason Gregoire           0  0  0   0  0   1  0  0  1  0  0/1     9:10   0:57   0:00 
Jeff Schultz             0  0  0  -2  5   2  3  0  1  0  0/0    12:06   0:00   0:00 
Justin Vaive             0  0  0  -4  10  1  2  3  1  0  0/0    18:30   2:54   2:43 
Patrice Cormier          0  0  0  -3  10  1  4  0  1  2  1/1    16:51   4:49   1:24 
Philippe Cornet          0  0  0  -4  0   3  0  0  3  2  0/0    14:11   0:00   0:39 
Ryan Olsen               0  1  1   0  0   0  0  0  0  0  3/6     7:47   0:00   1:41 
Trevor Parkes            0  0  0  -3  0   0  2  0  1  1  1/1    18:05   5:19   0:00 

Players Stats for Tigers

Player Name              G  A  P  +/- PIM S  H  SB GA TA FO     MP     PP MP  PK MP  
------------------------------------------------------------------------------------
Adam Comrie              0  1  1   6  0   0  4  1  0  0  0/0    22:30   1:35   4:47 
Alexander Khokhlachev    0  0  0   0  0   2  1  0  1  0  5/9    13:51   2:05   0:00 
Anthony Peluso           2  2  4   5  36  2  2  0  0  0  0/0     8:24   0:00   0:00 
Brandon Bollig           3  2  5   6  7   6  0  0  2  0  1/3    19:53   1:53   5:15 
Brandon Defazio          1  1  2   2  0   1  0  0  0  0  0/0     6:17   0:00   0:00 
Carter Rowney            0  2  2   4  0   0  2  0  1  0  6/7    13:57   1:53   0:00 
Chandler Stephenson      0  0  0   3  0   0  0  0  0  0  0/5     6:28   0:00   2:07 
Cody McLeod              1  2  3   2  22  1  1  2  0  0  2/8    11:52   0:00   3:00 
Connor Carrick           0  1  1   6  0   1  2  1  0  2  0/0    22:30   1:35   4:47 
Harry Zolnierczyk        0  0  0   0  0   0  3  1  2  0  2/4    12:04   0:50   0:00 
Ian White                0  1  1   4  0   0  0  1  0  1  0/0    18:07   0:00   5:08 
Jordan Leopold           0  0  0   2  0   0  0  0  0  1  0/0    28:20   2:23   5:08 
Kane Lafranchise         0  2  2   4  5   0  1  1  1  1  0/0    20:14   2:23   0:04 
Keith Seabrook           0  0  0   2  0   0  1  1  0  1  0/0     8:22   0:00   0:00 
Patrick Kaleta           2  3  5   5  0   5  1  0  3  0  0/0    18:43   1:27   1:48 
Rene Bourque             0  0  0   2  0   1  1  2  0  0  4/14   23:33   1:41   6:00 
Ronalds Kenins           4  3  7   6  0   5  0  1  6  3  1/2    15:36   0:00   0:00 
Ty Rattie                0  1  1   1  0   1  2  1  2  2  2/4    19:28   2:05   1:48 

3 Stars

1 - Ronalds Kenins (BRI)
2 - Patrick Kaleta (BRI)
3 - Brandon Bollig (BRI)

Power Play

Penguins - 0 on 5 Attempt(s) - 0.00%
Tigers - 0 on 2 Attempt(s) - 0.00%

Penalty Kill

Penguins - 2 on 2 Attempt(s) - 100.00% - Score 0 goal in Penalty Kill
Tigers - 5 on 5 Attempt(s) - 100.00% - Score 0 goal in Penalty Kill

Team Stat

Penguins - Hits : 17 - Faceoff Wins : 33 - Blocked Shots : 7 - Penalty Minutes : 34
Tigers - Hits : 21 - Faceoff Wins : 23 - Blocked Shots : 12 - Penalty Minutes : 70

Official

Referees : Unknown
Linesman : Unknown

Game Notes

FARM GOALIE20 enters game at 2:23 of 1st period
Anthony Peluso and Jeff Schultz fight to a draw at 8:18 of 1st period
Patrice Cormier beats up Cody McLeod at 10:51 of 1st period
Ronalds Kenins has scored a Hat Trick!
FARM GOALIE14 enters game at 13:07 of 2nd period
Brandon Bollig and Patrice Cormier fight to a draw at 14:34 of 2nd period
Kane Lafranchise beats up Carson McMillan at 14:55 of 2nd period
Anthony Peluso and Justin Vaive fight to a draw at 18:40 of 2nd period
2:46 of 3rd period - Tigers goal is going for a video replay. After video review, Goal.
Brandon Bollig has scored a Hat Trick!
Cody McLeod and Justin Vaive fight to a draw at 4:00 of 3rd period

Finance

Level 1 -- Attendance: 1425 (71.25%) -- Ticket Income $49,875
Level 2 -- Attendance: 797 (79.70%) -- Ticket Income $11,955
Total Attendance: 2222 (74.07%)
Total Ticket Income: $61,830
Other Income: $30,297
Total Income: $92,127

Penguins

5 vs 5 Forward 
   Center                   Left Wing                Right Wing               Time % Phy DF OF 
 1 FARMPLAYER2              Patrice Cormier          Trevor Parkes            35     1   2  2  
 2 Charles Sarault          Justin Vaive             Dustin Gazley            30     1   2  2  
 3 Carson McMillan          Philippe Cornet          Garrett Meurs            22     1   2  2  
 4 Ryan Olsen               Jason Gregoire           FARMPLAYER2              13     1   2  2  

5 vs 5 Defense 
   Defense                  Defense                                           Time % Phy DF OF 
 1 Adam Clendening          Danny Biega                                       35     1   2  2  
 2 FARM PLAYER22            FARM PLAYER15                                     30     1   2  2  
 3 Jeff Schultz             FARM PLAYER33                                     22     1   2  2  
 4 Danny Biega              Adam Clendening                                   13     1   2  2  

PowerPlay Forward 
   Center                   Left Wing                Right Wing               Time % Phy DF OF 
 1 FARMPLAYER2              Patrice Cormier          Trevor Parkes            60     1   2  2  
 2 Charles Sarault          Justin Vaive             Dustin Gazley            40     1   2  2  

PowerPlay Defense
   Defense                  Defense                                           Time % Phy DF OF 
 1 Adam Clendening          Danny Biega                                       60     1   2  2  
 2 FARM PLAYER22            FARM PLAYER15                                     40     1   2  2  

Penalty Kill 4 Players Forward 
   Center                   Wing                     Time % Phy DF OF 
 1 Patrice Cormier          Justin Vaive             60     1   2  2  
 2 Philippe Cornet          Trevor Parkes            40     1   2  2  

Penalty Kill 4 Players Defense
   Defense                  Defense                  Time % Phy DF OF 
 1 Adam Clendening          Danny Biega              60     1   2  2  
 2 FARMPLAYER2              FARM PLAYER22            40     1   2  2  

Penalty Kill - 3 Players Forward 
   Forward                                           Time % Phy DF OF 
 1 Patrice Cormier                                   60     1   2  2  
 2 Justin Vaive                                      40     1   2  2  

Penalty Kill - 3 Players Defense
   Defense                  Defense                  Time % Phy DF OF 
 1 Adam Clendening          Danny Biega              60     1   2  2  
 2 FARMPLAYER2              FARM PLAYER22            40     1   2  2  

4 vs 4 Forward 
   Center                   Wing                     Time % Phy DF OF 
 1 Patrice Cormier          Justin Vaive             60     1   2  2  
 2 Philippe Cornet          Trevor Parkes            40     1   2  2  

4 vs 4 Defense
   Defense                  Defense                  Time % Phy DF OF 
 1 Adam Clendening          Danny Biega              60     1   2  2  
 2 FARMPLAYER2              FARM PLAYER22            40     1   2  2  

Last Minutes Offensive
   Center                   Left Wing                Right Wing               Defense                  Defense                  
   FARMPLAYER2              Patrice Cormier          Trevor Parkes            Adam Clendening          Danny Biega              

Last Minutes Defensive
   Center                   Left Wing                Right Wing               Defense                  Defense                  
   FARMPLAYER2              Patrice Cormier          Trevor Parkes            Adam Clendening          Danny Biega              

Goaltenders
Starting : FARM GOALIE14            
Backup : FARM GOALIE20            

Extra Forwards
Normal : Carson McMillan, Jason Gregoire, Ryan Olsen - PP : Carson McMillan, Jason Gregoire - PK : Ryan Olsen
Extra Defensemen
Normal : Adam Clendening, FARM PLAYER33, Danny Biega - PP : FARMPLAYER2 - PK : FARM PLAYER33, FARMPLAYER2
Penalty Shots
FARMPLAYER2, Patrice Cormier, Justin Vaive, Philippe Cornet, Trevor Parkes

Tigers

5 vs 5 Forward 
   Center                   Left Wing                Right Wing               Time % Phy DF OF 
 1 Alexander Khokhlachev    Rene Bourque             Ty Rattie                35     1   2  2  
 2 Carter Rowney            Brandon Bollig           Patrick Kaleta           30     1   2  2  
 3 Cody McLeod              Ronalds Kenins           Anthony Peluso           22     1   2  2  
 4 Rene Bourque             Brandon Defazio          Brandon Bollig           13     1   2  2  

5 vs 5 Defense 
   Defense                  Defense                                           Time % Phy DF OF 
 1 Kane Lafranchise         Jordan Leopold                                    35     1   2  2  
 2 Connor Carrick           Adam Comrie                                       30     1   2  2  
 3 Ian White                Kane Lafranchise                                  22     1   2  2  
 4 Keith Seabrook           Jordan Leopold                                    13     1   2  2  

PowerPlay Forward 
   Center                   Left Wing                Right Wing               Time % Phy DF OF 
 1 Alexander Khokhlachev    Rene Bourque             Ty Rattie                60     1   2  2  
 2 Carter Rowney            Brandon Bollig           Patrick Kaleta           40     1   2  2  

PowerPlay Defense
   Defense                  Defense                                           Time % Phy DF OF 
 1 Kane Lafranchise         Jordan Leopold                                    60     1   2  2  
 2 Connor Carrick           Adam Comrie                                       40     1   2  2  

Penalty Kill 4 Players Forward 
   Center                   Wing                     Time % Phy DF OF 
 1 Rene Bourque             Brandon Bollig           60     1   2  2  
 2 Ty Rattie                Patrick Kaleta           40     1   2  2  

Penalty Kill 4 Players Defense
   Defense                  Defense                  Time % Phy DF OF 
 1 Ian White                Jordan Leopold           60     1   2  2  
 2 Connor Carrick           Adam Comrie              40     1   2  2  

Penalty Kill - 3 Players Forward 
   Forward                                           Time % Phy DF OF 
 1 Rene Bourque                                      60     1   2  2  
 2 Brandon Bollig                                    40     1   2  2  

Penalty Kill - 3 Players Defense
   Defense                  Defense                  Time % Phy DF OF 
 1 Keith Seabrook           Jordan Leopold           60     1   2  2  
 2 Connor Carrick           Adam Comrie              40     1   2  2  

4 vs 4 Forward 
   Center                   Wing                     Time % Phy DF OF 
 1 Rene Bourque             Brandon Bollig           60     1   2  2  
 2 Ty Rattie                Patrick Kaleta           40     1   2  2  

4 vs 4 Defense
   Defense                  Defense                  Time % Phy DF OF 
 1 Kane Lafranchise         Jordan Leopold           60     1   2  2  
 2 Connor Carrick           Adam Comrie              40     1   2  2  

Last Minutes Offensive
   Center                   Left Wing                Right Wing               Defense                  Defense                  
   Alexander Khokhlachev    Rene Bourque             Ty Rattie                Connor Carrick           Jordan Leopold           

Last Minutes Defensive
   Center                   Left Wing                Right Wing               Defense                  Defense                  
   Alexander Khokhlachev    Rene Bourque             Ty Rattie                Connor Carrick           Jordan Leopold           

Goaltenders
Starting : Cam Ward                 
Backup : Scott Munroe             

Extra Forwards
Normal : Harry Zolnierczyk, Ronalds Kenins, Anthony Peluso - PP : Harry Zolnierczyk, Ronalds Kenins - PK : Anthony Peluso
Extra Defensemen
Normal : Ian White, Kane Lafranchise, Keith Seabrook - PP : Ian White - PK : Kane Lafranchise, Keith Seabrook
Penalty Shots
Rene Bourque, Brandon Bollig, Ty Rattie, Patrick Kaleta, Ronalds Kenins

% Time on Ice - Penguins

Lines # - Real PCT - Wanted PCT - Time Play
Normal Forward
1 - 30% - 35% - 13:46
2 - 32% - 30% - 14:56
3 - 28% - 22% - 12:56
4 - 10% - 13% - 4:29
Normal Defense
1 - 35% - 35% - 16:14
2 - 30% - 30% - 13:57
3 - 26% - 22% - 12:12
4 - 8% - 13% - 3:44
PP Forward
1 - 54% - 60% - 5:19
2 - 46% - 40% - 4:36
PP Defense
1 - 50% - 60% - 4:56
2 - 50% - 40% - 4:59
PK Forward
1 - 100% - 60% - 3:58
2 - 0% - 40% - 0:00
PK Defense
1 - 43% - 60% - 1:42
2 - 57% - 40% - 2:16
PK3 Forward
1 - 0% - 60%
2 - 0% - 40%
PK3 Defense
1 - 0% - 60%
2 - 0% - 40%
44 Forward
1 - 0% - 60%
2 - 0% - 40%
44 Defense
1 - 0% - 60%
2 - 0% - 40%
Last Minute Offensive  - 0:00
Last Minute Defensive  - 0:00
Total
Forward - 60:00
Defense - 60:00

% Time on Ice - Tigers

Lines # - Real PCT - Wanted PCT - Time Play
Normal Forward
1 - 26% - 35% - 12:05
2 - 28% - 30% - 12:56
3 - 38% - 22% - 17:25
4 - 8% - 13% - 3:41
Normal Defense
1 - 27% - 35% - 12:31
2 - 35% - 30% - 16:08
3 - 20% - 22% - 9:10
4 - 18% - 13% - 8:18
PP Forward
1 - 53% - 60% - 2:05
2 - 47% - 40% - 1:53
PP Defense
1 - 60% - 60% - 2:23
2 - 40% - 40% - 1:35
PK Forward
1 - 82% - 60% - 8:07
2 - 18% - 40% - 1:48
PK Defense
1 - 52% - 60% - 5:08
2 - 48% - 40% - 4:47
PK3 Forward
1 - 0% - 60%
2 - 0% - 40%
PK3 Defense
1 - 0% - 60%
2 - 0% - 40%
44 Forward
1 - 0% - 60%
2 - 0% - 40%
44 Defense
1 - 0% - 60%
2 - 0% - 40%
Last Minute Offensive  - 0:00
Last Minute Defensive  - 0:00
Total
Forward - 60:00
Defense - 60:00

Play by Play

1st period


0:01 of 1st period - FARMPLAYER2 wins face-off versus Alexander Khokhlachev in neutral zone.
0:16 of 1st period - Danny Biega is hit by Alexander Khokhlachev.
0:54 of 1st period - Wrist shot by Patrick Kaleta.
0:54 of 1st period - Goal by Patrick Kaleta - Penguins : 0 - Tigers : 1.
0:55 of 1st period - Cody McLeod wins face-off versus Charles Sarault in neutral zone.
1:10 of 1st period - Snap shot by Anthony Peluso.
1:10 of 1st period - Shot Blocked by Justin Vaive.
1:12 of 1st period - Wrist shot by Ronalds Kenins.
1:12 of 1st period - Goal by Ronalds Kenins - Penguins : 0 - Tigers : 2.
1:13 of 1st period - Rene Bourque wins face-off versus Carson McMillan in neutral zone.
1:22 of 1st period - Snap shot by Philippe Cornet.
1:22 of 1st period - Deflect By Carson McMillan.
1:22 of 1st period - Stopped by Cam Ward with a rebound.
1:24 of 1st period - Slapshot by Garrett Meurs.
1:24 of 1st period - Stopped by Cam Ward with a rebound.
1:26 of 1st period - Slapshot by Philippe Cornet.
1:26 of 1st period - Stopped by Cam Ward with a rebound.
1:28 of 1st period - Snap shot by Carson McMillan.
1:28 of 1st period - Stopped by Cam Ward with a rebound.
1:46 of 1st period - Snap shot by Brandon Bollig.
1:46 of 1st period - Goal by Brandon Bollig - Penguins : 0 - Tigers : 3.
1:47 of 1st period - Charles Sarault wins face-off versus Cody McLeod in neutral zone.
2:21 of 1st period - Wrist shot by Anthony Peluso.
2:21 of 1st period - Shot Misses the Net.
2:23 of 1st period - Snap shot by Cody McLeod.
2:23 of 1st period - Goal by Cody McLeod - Penguins : 0 - Tigers : 4.
2:23 of 1st period - FARM GOALIE20 enters game.
2:24 of 1st period - Carter Rowney wins face-off versus Ryan Olsen in neutral zone.
2:38 of 1st period - Backhand shot by Patrick Kaleta.
2:38 of 1st period - Shot Blocked by Adam Clendening.
2:56 of 1st period - Slapshot by Connor Carrick.
2:56 of 1st period - Shot Blocked by FARMPLAYER2.
3:25 of 1st period - Carson McMillan is hit by Adam Comrie and loses puck.
3:31 of 1st period - Off-side.
3:32 of 1st period - Charles Sarault wins face-off versus Cody McLeod in neutral zone.
3:41 of 1st period - Dustin Gazley is hit by Kane Lafranchise.
3:51 of 1st period - Wrist shot by Charles Sarault.
3:51 of 1st period - Stopped by Cam Ward without a rebound.
3:52 of 1st period - Charles Sarault wins face-off versus Cody McLeod in Tigers zone.
4:11 of 1st period - Snap shot by Dustin Gazley.
4:11 of 1st period - Stopped by Cam Ward without a rebound.
4:12 of 1st period - Carter Rowney wins face-off versus FARMPLAYER2 in Tigers zone.
4:12 of 1st period - Carter Rowney is hit by Trevor Parkes.
5:34 of 1st period - Slapshot by Adam Clendening.
5:34 of 1st period - Shot Misses the Net.
5:46 of 1st period - Slapshot by Danny Biega.
5:46 of 1st period - Shot Misses the Net.
5:48 of 1st period - Snap shot by Dustin Gazley.
5:48 of 1st period - Shot Misses the Net.
6:09 of 1st period - Minor Penalty to Anthony Peluso for Slashing.
6:10 of 1st period - Brandon Bollig wins face-off versus FARMPLAYER2 in Tigers zone.
6:37 of 1st period - Slapshot by Adam Clendening.
6:37 of 1st period - Shot Blocked by Rene Bourque.
7:04 of 1st period - Jordan Leopold is hit by Justin Vaive and loses puck.
7:27 of 1st period - Wrist shot by FARMPLAYER2.
7:27 of 1st period - Shot Misses the Net.
7:53 of 1st period - Wrist shot by Dustin Gazley.
7:53 of 1st period - Stopped by Cam Ward with a rebound.
7:55 of 1st period - Slapshot by Danny Biega.
7:55 of 1st period - Shot Misses the Net.
7:57 of 1st period - Snap shot by Dustin Gazley.
7:57 of 1st period - Shot Misses the Net.
7:59 of 1st period - Slapshot by Justin Vaive.
7:59 of 1st period - Stopped by Cam Ward with a rebound.
8:01 of 1st period - Snap shot by Adam Clendening.
8:01 of 1st period - Stopped by Cam Ward with a rebound.
8:03 of 1st period - Slapshot by Adam Clendening.
8:03 of 1st period - Stopped by Cam Ward without a rebound.
8:04 of 1st period - Ty Rattie wins face-off versus Charles Sarault in Tigers zone.
8:09 of 1st period - Penalty to Anthony Peluso is over, Anthony Peluso is back on ice.
8:17 of 1st period - Icing by Patrick Kaleta.
8:18 of 1st period - FARMPLAYER2 wins face-off versus Ty Rattie in Tigers zone.
8:18 of 1st period - Anthony Peluso and Jeff Schultz fight to a draw.
8:18 of 1st period - Penalty to Anthony Peluso for Fighting.
8:18 of 1st period - Penalty to Jeff Schultz for Fighting.
8:18 of 1st period - Penalty to Anthony Peluso for instigated a fight.
8:18 of 1st period - Penalty to Anthony Peluso for instigated a fight.
8:19 of 1st period - Charles Sarault wins face-off versus Rene Bourque in Tigers zone.
8:28 of 1st period - Wrist shot by Charles Sarault.
8:28 of 1st period - Stopped by Cam Ward without a rebound.
8:29 of 1st period - Dustin Gazley wins face-off versus Rene Bourque in Tigers zone.
8:50 of 1st period - Slapshot by Patrick Kaleta.
8:50 of 1st period - Shot Misses the Net.
8:52 of 1st period - Snap shot by Patrick Kaleta.
8:52 of 1st period - Shot Misses the Net.
8:54 of 1st period - Snap shot by Patrick Kaleta.
8:54 of 1st period - Shot Misses the Net.
9:26 of 1st period - Icing by Patrice Cormier.
9:27 of 1st period - FARMPLAYER2 wins face-off versus Rene Bourque in Penguins zone.
9:42 of 1st period - Slapshot by Adam Clendening.
9:42 of 1st period - Shot Misses the Net.
9:44 of 1st period - Snap shot by Adam Clendening.
9:44 of 1st period - Stopped by Cam Ward without a rebound.
9:45 of 1st period - FARMPLAYER2 wins face-off versus Rene Bourque in Tigers zone.
9:50 of 1st period - Snap shot by FARMPLAYER2.
9:50 of 1st period - Stopped by Cam Ward with a rebound.
9:58 of 1st period - Slapshot by Adam Clendening.
9:58 of 1st period - Shot Blocked by Ian White.
10:00 of 1st period - Slapshot by Danny Biega.
10:00 of 1st period - Deflect By Trevor Parkes.
10:00 of 1st period - Shot Misses the Net.
10:00 of 1st period - Puck is out of play.
10:01 of 1st period - FARMPLAYER2 wins face-off versus Rene Bourque in Tigers zone.
10:06 of 1st period - Wrist shot by Adam Clendening.
10:06 of 1st period - Stopped by Cam Ward without a rebound.
10:07 of 1st period - FARMPLAYER2 wins face-off versus Ty Rattie in Tigers zone.
10:18 of 1st period - Penalty to Anthony Peluso is over, Cody McLeod is send on ice.
10:46 of 1st period - Wrist shot by Cody McLeod.
10:46 of 1st period - Shot Blocked by Danny Biega.
10:51 of 1st period - Patrice Cormier beats up Cody McLeod.
10:51 of 1st period - Penalty to Cody McLeod for Fighting.
10:51 of 1st period - Penalty to Patrice Cormier for Fighting.
10:52 of 1st period - Dustin Gazley wins face-off versus Harry Zolnierczyk in Penguins zone.
11:12 of 1st period - Wrist shot by Ty Rattie.
11:12 of 1st period - Shot Blocked by Justin Vaive.
11:14 of 1st period - Snap shot by Adam Comrie.
11:14 of 1st period - Deflect By Ronalds Kenins.
11:14 of 1st period - Goal by Ronalds Kenins - Penguins : 0 - Tigers : 5.
11:15 of 1st period - Carson McMillan wins face-off versus Carter Rowney in neutral zone.
11:34 of 1st period - Slapshot by Patrick Kaleta.
11:34 of 1st period - Stopped by FARM GOALIE20 with a rebound.
12:06 of 1st period - Adam Clendening is hit by Ty Rattie and loses puck.
13:18 of 1st period - Harry Zolnierczyk is hit by Charles Sarault and loses puck.
13:46 of 1st period - Icing by Ronalds Kenins.
13:47 of 1st period - FARMPLAYER2 wins face-off versus Chandler Stephenson in Tigers zone.
13:49 of 1st period - Minor Penalty to FARM PLAYER33 for Holding.
13:50 of 1st period - Carter Rowney wins face-off versus Ryan Olsen in Penguins zone.
14:10 of 1st period - Snap shot by Brandon Bollig.
14:10 of 1st period - Shot Misses the Net.
14:38 of 1st period - Wrist shot by Adam Clendening.
14:38 of 1st period - Shot Blocked by Rene Bourque.
14:50 of 1st period - Icing by Ty Rattie.
14:51 of 1st period - Alexander Khokhlachev wins face-off versus FARM PLAYER15 in Tigers zone.
14:56 of 1st period - FARM PLAYER22 is hit by Ty Rattie and loses puck.
15:21 of 1st period - FARMPLAYER2 is hit by Carter Rowney and loses puck.
15:49 of 1st period - Penalty to FARM PLAYER33 is over, FARM PLAYER33 is back on ice.
16:06 of 1st period - Philippe Cornet is hit by Patrick Kaleta and loses puck.
16:28 of 1st period - Icing by Ronalds Kenins.
16:29 of 1st period - Carson McMillan wins face-off versus Cody McLeod in Tigers zone.
17:14 of 1st period - Snap shot by Brandon Bollig.
17:14 of 1st period - Stopped by FARM GOALIE20 with a rebound.
17:16 of 1st period - Wrist shot by Brandon Bollig.
17:16 of 1st period - Stopped by FARM GOALIE20 with a rebound.
17:18 of 1st period - Slapshot by Brandon Bollig.
17:18 of 1st period - Shot Misses the Net.
17:20 of 1st period - Snap shot by Brandon Defazio.
17:20 of 1st period - Goal by Brandon Defazio - Penguins : 0 - Tigers : 6.
17:21 of 1st period - Alexander Khokhlachev wins face-off versus Charles Sarault in neutral zone.
18:14 of 1st period - Wrist shot by Philippe Cornet.
18:14 of 1st period - Shot Misses the Net.
18:16 of 1st period - Snap shot by Garrett Meurs.
18:16 of 1st period - Shot Blocked by Connor Carrick.
18:26 of 1st period - Slapshot by Adam Clendening.
18:26 of 1st period - Deflect By Cody McLeod.
18:26 of 1st period - Stopped by Cam Ward without a rebound.
18:27 of 1st period - FARMPLAYER2 wins face-off versus Brandon Bollig in Tigers zone.
18:34 of 1st period - Snap shot by FARMPLAYER2.
18:34 of 1st period - Stopped by Cam Ward with a rebound.
18:36 of 1st period - Snap shot by Danny Biega.
18:36 of 1st period - Stopped by Cam Ward with a rebound.
18:38 of 1st period - Slapshot by Adam Clendening.
18:38 of 1st period - Shot Misses the Net.
18:44 of 1st period - Slapshot by Adam Clendening.
18:44 of 1st period - Shot Misses the Net.
Goals for this period are 0 for Penguins vs 6 for Tigers.
Shots for this period are 17 for Penguins vs 9 for Tigers.

2nd period


0:01 of 2nd period - FARMPLAYER2 wins face-off versus Alexander Khokhlachev in neutral zone.
1:10 of 2nd period - Minor Penalty to Brandon Bollig for Roughing.
1:11 of 2nd period - Charles Sarault wins face-off versus Rene Bourque in Tigers zone.
2:01 of 2nd period - Cody McLeod is hit by FARM PLAYER22 and loses puck.
2:06 of 2nd period - Slapshot by Adam Clendening.
2:06 of 2nd period - Shot Blocked by Cody McLeod.
2:12 of 2nd period - Patrice Cormier is hit by Adam Comrie and loses puck.
2:20 of 2nd period - Icing by Adam Clendening.
2:21 of 2nd period - FARMPLAYER2 wins face-off versus Chandler Stephenson in Penguins zone.
2:44 of 2nd period - Snap shot by Adam Clendening.
2:44 of 2nd period - Deflect By Dustin Gazley.
2:44 of 2nd period - Shot Misses the Net.
2:44 of 2nd period - Puck is out of play.
2:45 of 2nd period - Charles Sarault wins face-off versus Chandler Stephenson in Tigers zone.
2:46 of 2nd period - Snap shot by Adam Clendening.
2:46 of 2nd period - Stopped by Cam Ward without a rebound.
2:47 of 2nd period - Trevor Parkes wins face-off versus Chandler Stephenson in Tigers zone.
3:04 of 2nd period - Snap shot by FARMPLAYER2.
3:04 of 2nd period - Shot Misses the Net.
3:10 of 2nd period - Penalty to Brandon Bollig is over, Brandon Bollig is back on ice.
3:18 of 2nd period - 10 Minutes Misconduct Penalty to Anthony Peluso is over.
3:29 of 2nd period - Wrist shot by Philippe Cornet.
3:29 of 2nd period - Stopped by Cam Ward with a rebound.
3:31 of 2nd period - Slapshot by Philippe Cornet.
3:31 of 2nd period - Stopped by Cam Ward with a rebound.
3:33 of 2nd period - Slapshot by Garrett Meurs.
3:33 of 2nd period - Stopped by Cam Ward with a rebound.
3:35 of 2nd period - Slapshot by Jeff Schultz.
3:35 of 2nd period - Shot Misses the Net.
3:37 of 2nd period - Slapshot by Jeff Schultz.
3:37 of 2nd period - Stopped by Cam Ward with a rebound.
6:17 of 2nd period - Jordan Leopold is hit by Dustin Gazley and loses puck.
6:58 of 2nd period - Philippe Cornet is hit by Carter Rowney and loses puck.
7:13 of 2nd period - Carson McMillan is hit by Connor Carrick and loses puck.
7:43 of 2nd period - Slapshot by FARMPLAYER2.
7:43 of 2nd period - Deflect By Connor Carrick.
7:43 of 2nd period - Shot Misses the Net.
7:43 of 2nd period - Puck is out of play.
7:44 of 2nd period - FARMPLAYER2 wins face-off versus Cody McLeod in Tigers zone.
8:57 of 2nd period - Snap shot by Alexander Khokhlachev.
8:57 of 2nd period - Stopped by FARM GOALIE20 with a rebound.
9:57 of 2nd period - Keith Seabrook is hit by Patrice Cormier.
10:01 of 2nd period - Jordan Leopold is hit by Patrice Cormier and loses puck.
11:46 of 2nd period - FARM PLAYER15 is hit by Keith Seabrook and loses puck.
11:53 of 2nd period - Snap shot by Patrick Kaleta.
11:53 of 2nd period - Shot Misses the Net.
12:28 of 2nd period - Wrist shot by Anthony Peluso.
12:28 of 2nd period - Goal by Anthony Peluso - Penguins : 0 - Tigers : 7.
12:29 of 2nd period - FARMPLAYER2 wins face-off versus Rene Bourque in neutral zone.
12:48 of 2nd period - Slapshot by Connor Carrick.
12:48 of 2nd period - Stopped by FARM GOALIE20 without a rebound.
12:49 of 2nd period - FARMPLAYER2 wins face-off versus Rene Bourque in Penguins zone.
13:02 of 2nd period - Garrett Meurs is hit by Cody McLeod and loses puck.
13:07 of 2nd period - Snap shot by Ronalds Kenins.
13:07 of 2nd period - Goal by Ronalds Kenins - Penguins : 0 - Tigers : 8.
13:07 of 2nd period - FARM GOALIE14 enters game.
13:08 of 2nd period - Alexander Khokhlachev wins face-off versus Carson McMillan in neutral zone.
13:51 of 2nd period - Snap shot by Patrick Kaleta.
13:51 of 2nd period - Goal by Patrick Kaleta - Penguins : 0 - Tigers : 9.
13:52 of 2nd period - Cody McLeod wins face-off versus Charles Sarault in neutral zone.
14:34 of 2nd period - Brandon Bollig and Patrice Cormier fight to a draw.
14:34 of 2nd period - Penalty to Brandon Bollig for Fighting.
14:34 of 2nd period - Penalty to Patrice Cormier for Fighting.
14:35 of 2nd period - Alexander Khokhlachev wins face-off versus Carson McMillan in Penguins zone.
14:55 of 2nd period - Kane Lafranchise beats up Carson McMillan.
14:55 of 2nd period - Penalty to Kane Lafranchise for Fighting.
14:55 of 2nd period - Penalty to Carson McMillan for Fighting.
14:56 of 2nd period - Alexander Khokhlachev wins face-off versus FARMPLAYER2 in Tigers zone.
14:56 of 2nd period - Alexander Khokhlachev is hit by Danny Biega.
15:46 of 2nd period - Adam Clendening is hit by Harry Zolnierczyk and loses puck.
17:02 of 2nd period - Ryan Olsen is hit by Adam Comrie and loses puck.
17:11 of 2nd period - Wrist shot by FARMPLAYER2.
17:11 of 2nd period - Shot Blocked by Adam Comrie.
17:13 of 2nd period - Snap shot by Jeff Schultz.
17:13 of 2nd period - Shot Blocked by Harry Zolnierczyk.
17:27 of 2nd period - Brandon Defazio is hit by Jeff Schultz and loses puck.
17:50 of 2nd period - Patrick Kaleta is hit by Jeff Schultz and loses puck.
18:19 of 2nd period - Snap shot by Alexander Khokhlachev.
18:19 of 2nd period - Shot Misses the Net.
18:21 of 2nd period - Wrist shot by Rene Bourque.
18:21 of 2nd period - Stopped by FARM GOALIE14 with a rebound.
18:39 of 2nd period - Snap shot by Anthony Peluso.
18:39 of 2nd period - Shot Blocked by Justin Vaive.
18:40 of 2nd period - Anthony Peluso and Justin Vaive fight to a draw.
18:40 of 2nd period - Penalty to Anthony Peluso for Fighting.
18:40 of 2nd period - Penalty to Justin Vaive for Fighting.
18:40 of 2nd period - Penalty to Anthony Peluso for instigated a fight.
18:40 of 2nd period - Penalty to Anthony Peluso for instigated a fight.
18:41 of 2nd period - Rene Bourque wins face-off versus Jason Gregoire in Penguins zone.
19:08 of 2nd period - Slapshot by FARMPLAYER2.
19:08 of 2nd period - Shot Misses the Net.
19:10 of 2nd period - Wrist shot by Danny Biega.
19:10 of 2nd period - Deflect By FARMPLAYER2.
19:10 of 2nd period - Shot Misses the Net.
19:10 of 2nd period - Puck is out of play.
19:11 of 2nd period - Charles Sarault wins face-off versus Rene Bourque in Tigers zone.
19:30 of 2nd period - Wrist shot by Charles Sarault.
19:30 of 2nd period - Shot Misses the Net.
19:32 of 2nd period - Slapshot by FARM PLAYER22.
19:32 of 2nd period - Stopped by Cam Ward with a rebound.
19:34 of 2nd period - Penalty to Brandon Bollig is over, Brandon Bollig is back on ice.
19:55 of 2nd period - Penalty to Kane Lafranchise is over, Kane Lafranchise is back on ice.
19:56 of 2nd period - Slapshot by Patrice Cormier.
19:56 of 2nd period - Stopped by Cam Ward with a rebound.
19:58 of 2nd period - Slapshot by FARM PLAYER15.
19:58 of 2nd period - Deflect By Trevor Parkes.
19:58 of 2nd period - Shot Misses the Net.
19:58 of 2nd period - Puck is out of play.
19:59 of 2nd period - Ty Rattie wins face-off versus Charles Sarault in Tigers zone.
Goals for this period are 0 for Penguins vs 3 for Tigers.
Shots for this period are 7 for Penguins vs 6 for Tigers.

3rd period


0:01 of 3rd period - Rene Bourque wins face-off versus FARMPLAYER2 in neutral zone.
0:06 of 3rd period - Jordan Leopold is hit by Trevor Parkes and loses puck.
0:25 of 3rd period - Slapshot by Adam Clendening.
0:25 of 3rd period - Stopped by Cam Ward with a rebound.
0:27 of 3rd period - Slapshot by Adam Clendening.
0:27 of 3rd period - Stopped by Cam Ward without a rebound.
0:28 of 3rd period - Rene Bourque wins face-off versus Dustin Gazley in Tigers zone.
0:40 of 3rd period - Penalty to Anthony Peluso is over, Cody McLeod is send on ice.
0:56 of 3rd period - Wrist shot by Dustin Gazley.
0:56 of 3rd period - Stopped by Cam Ward with a rebound.
0:58 of 3rd period - Slapshot by Carson McMillan.
0:58 of 3rd period - Deflect By Cody McLeod.
0:58 of 3rd period - Stopped by Cam Ward without a rebound.
0:59 of 3rd period - Ryan Olsen wins face-off versus Ronalds Kenins in Tigers zone.
1:02 of 3rd period - Snap shot by FARMPLAYER2.
1:02 of 3rd period - Stopped by Cam Ward with a rebound.
1:04 of 3rd period - Wrist shot by Danny Biega.
1:04 of 3rd period - Stopped by Cam Ward without a rebound.
1:05 of 3rd period - Ryan Olsen wins face-off versus Cody McLeod in Tigers zone.
1:16 of 3rd period - Slapshot by Adam Clendening.
1:16 of 3rd period - Shot Blocked by Cody McLeod.
1:18 of 3rd period - Slapshot by Adam Clendening.
1:18 of 3rd period - Goal by Adam Clendening - Penguins : 1 - Tigers : 9.
1:19 of 3rd period - FARMPLAYER2 wins face-off versus Alexander Khokhlachev in neutral zone.
1:24 of 3rd period - Ty Rattie is hit by FARMPLAYER2.
2:42 of 3rd period - Wrist shot by Patrick Kaleta.
2:42 of 3rd period - Shot Blocked by Dustin Gazley.
2:44 of 3rd period - Snap shot by Patrick Kaleta.
2:44 of 3rd period - Shot Misses the Net.
2:46 of 3rd period - Snap shot by Brandon Bollig.
2:46 of 3rd period - Tigers goal is going for a video replay.
2:46 of 3rd period - The goal is good.
2:46 of 3rd period - Goal by Brandon Bollig - Penguins : 1 - Tigers : 10.
2:47 of 3rd period - Carter Rowney wins face-off versus Ryan Olsen in neutral zone.
2:58 of 3rd period - Snap shot by Patrick Kaleta.
2:58 of 3rd period - Stopped by FARM GOALIE14 with a rebound.
3:00 of 3rd period - Wrist shot by Brandon Bollig.
3:00 of 3rd period - Stopped by FARM GOALIE14 with a rebound.
3:02 of 3rd period - Wrist shot by Brandon Bollig.
3:02 of 3rd period - Shot Misses the Net.
3:04 of 3rd period - Wrist shot by Brandon Bollig.
3:04 of 3rd period - Goal by Brandon Bollig - Penguins : 1 - Tigers : 11.
3:05 of 3rd period - Carter Rowney wins face-off versus FARMPLAYER2 in neutral zone.
3:58 of 3rd period - Ronalds Kenins is hit by Justin Vaive and loses puck.
4:00 of 3rd period - Cody McLeod and Justin Vaive fight to a draw.
4:00 of 3rd period - Penalty to Cody McLeod for Fighting.
4:00 of 3rd period - Penalty to Justin Vaive for Fighting.
4:00 of 3rd period - Penalty to Cody McLeod for instigated a fight.
4:00 of 3rd period - Penalty to Cody McLeod for instigated a fight.
4:01 of 3rd period - Charles Sarault wins face-off versus Brandon Bollig in Tigers zone.
5:36 of 3rd period - Snap shot by Danny Biega.
5:36 of 3rd period - Stopped by Cam Ward with a rebound.
5:38 of 3rd period - Slapshot by Danny Biega.
5:38 of 3rd period - Deflect By Dustin Gazley.
5:38 of 3rd period - Shot Misses the Net.
5:38 of 3rd period - Puck is out of play.
5:39 of 3rd period - Charles Sarault wins face-off versus Rene Bourque in Tigers zone.
6:00 of 3rd period - Penalty to Cody McLeod is over, Rene Bourque is send on ice.
6:06 of 3rd period - Ian White is hit by Patrice Cormier.
6:18 of 3rd period - Snap shot by Adam Clendening.
6:18 of 3rd period - Deflect By Carson McMillan.
6:18 of 3rd period - Shot Blocked by Ty Rattie.
6:18 of 3rd period - Puck is out of play.
6:19 of 3rd period - Ronalds Kenins wins face-off versus Carson McMillan in Tigers zone.
6:58 of 3rd period - Jason Gregoire is hit by Harry Zolnierczyk and loses puck.
7:25 of 3rd period - Snap shot by Brandon Bollig.
7:25 of 3rd period - Shot Misses the Net.
7:27 of 3rd period - Snap shot by Adam Comrie.
7:27 of 3rd period - Deflect By Patrick Kaleta.
7:27 of 3rd period - Stopped by FARM GOALIE14 with a rebound.
7:29 of 3rd period - Slapshot by Patrick Kaleta.
7:29 of 3rd period - Shot Misses the Net.
7:39 of 3rd period - Jeff Schultz is hit by Connor Carrick.
8:05 of 3rd period - Snap shot by Patrick Kaleta.
8:05 of 3rd period - Shot Misses the Net.
8:07 of 3rd period - Wrist shot by Ronalds Kenins.
8:07 of 3rd period - Goal by Ronalds Kenins - Penguins : 1 - Tigers : 12.
8:08 of 3rd period - Carter Rowney wins face-off versus Carson McMillan in neutral zone.
9:02 of 3rd period - Slapshot by Adam Clendening.
9:02 of 3rd period - Shot Blocked by Kane Lafranchise.
10:02 of 3rd period - Wrist shot by Alexander Khokhlachev.
10:02 of 3rd period - Stopped by FARM GOALIE14 with a rebound.
10:04 of 3rd period - Wrist shot by Ty Rattie.
10:04 of 3rd period - Shot Misses the Net.
10:52 of 3rd period - Slapshot by Philippe Cornet.
10:52 of 3rd period - Deflect By Carson McMillan.
10:52 of 3rd period - Shot Blocked by Ronalds Kenins.
10:52 of 3rd period - Puck is out of play.
10:53 of 3rd period - Harry Zolnierczyk wins face-off versus Charles Sarault in Tigers zone.
10:57 of 3rd period - Off-side.
10:58 of 3rd period - Harry Zolnierczyk wins face-off versus Dustin Gazley in neutral zone.
11:15 of 3rd period - Snap shot by Ronalds Kenins.
11:15 of 3rd period - Stopped by FARM GOALIE14 without a rebound.
11:16 of 3rd period - Carson McMillan wins face-off versus Harry Zolnierczyk in Penguins zone.
12:01 of 3rd period - Slapshot by Alexander Khokhlachev.
12:01 of 3rd period - Shot Misses the Net.
12:25 of 3rd period - Justin Vaive is hit by Harry Zolnierczyk and loses puck.
12:36 of 3rd period - Snap shot by Ty Rattie.
12:36 of 3rd period - Shot Misses the Net.
12:38 of 3rd period - Wrist shot by Ty Rattie.
12:38 of 3rd period - Shot Misses the Net.
12:46 of 3rd period - Slapshot by Ty Rattie.
12:46 of 3rd period - Stopped by FARM GOALIE14 with a rebound.
13:10 of 3rd period - Patrice Cormier is hit by Rene Bourque and loses puck.
13:34 of 3rd period - Snap shot by Rene Bourque.
13:34 of 3rd period - Shot Misses the Net.
13:40 of 3rd period - 10 Minutes Misconduct Penalty to Anthony Peluso is over.
14:00 of 3rd period - Keith Seabrook is hit by Patrice Cormier.
14:12 of 3rd period - Wrist shot by Dustin Gazley.
14:12 of 3rd period - Deflect By Brandon Defazio.
14:12 of 3rd period - Stopped by Cam Ward with a rebound.
14:14 of 3rd period - Snap shot by Dustin Gazley.
14:14 of 3rd period - Stopped by Cam Ward with a rebound.
14:36 of 3rd period - Slapshot by Adam Clendening.
14:36 of 3rd period - Shot Blocked by Keith Seabrook.
14:54 of 3rd period - Wrist shot by Anthony Peluso.
14:54 of 3rd period - Goal by Anthony Peluso - Penguins : 1 - Tigers : 13.
14:55 of 3rd period - Ryan Olsen wins face-off versus Chandler Stephenson in neutral zone.
15:02 of 3rd period - Slapshot by Jeff Schultz.
15:02 of 3rd period - Stopped by Cam Ward with a rebound.
15:04 of 3rd period - Slapshot by FARMPLAYER2.
15:04 of 3rd period - Stopped by Cam Ward with a rebound.
15:16 of 3rd period - Snap shot by Jason Gregoire.
15:16 of 3rd period - Deflect By Ian White.
15:16 of 3rd period - Stopped by Cam Ward with a rebound.
15:30 of 3rd period - Ian White is hit by Jeff Schultz and loses puck.
15:43 of 3rd period - Slapshot by Dustin Gazley.
15:43 of 3rd period - Shot Misses the Net.
16:33 of 3rd period - Minor Penalty to Adam Clendening for Hooking.
16:34 of 3rd period - Patrice Cormier wins face-off versus Alexander Khokhlachev in Penguins zone.
16:39 of 3rd period - Slapshot by Danny Biega.
16:39 of 3rd period - Deflect By Alexander Khokhlachev.
16:39 of 3rd period - Stopped by Cam Ward with a rebound.
17:48 of 3rd period - FARMPLAYER2 is hit by Adam Comrie and loses puck.
18:14 of 3rd period - Kane Lafranchise is hit by FARMPLAYER2 and loses puck.
18:33 of 3rd period - Penalty to Adam Clendening is over, Adam Clendening is back on ice.
19:00 of 3rd period - 10 Minutes Misconduct Penalty to Cody McLeod is over.
19:03 of 3rd period - Carson McMillan is hit by Anthony Peluso.
19:12 of 3rd period - Carson McMillan is hit by Anthony Peluso and loses puck.
Goals for this period are 1 for Penguins vs 4 for Tigers.
Shots for this period are 14 for Penguins vs 10 for Tigers.